 Dungeon Crawl Stone Soup version 0.29-a0-422-gafbd6decc1 (webtiles) character file.

Game seed: 4959513663731637247

337 xian the Conjurer (level 6, 0/46 HPs)
             Began as a Draconian Conjurer on May 19, 2022.
             Slain by Grinder (5 damage)
             ... in a sewer.
             The game lasted 00:08:45 (3725 turns).

xian the Conjurer (Draconian Conjurer)              Turns: 3725, Time: 00:08:45

Health: 0/46       AC:  9    Str:  9    XL:     6   Next: 28%
Magic:  5/12       EV: 12    Int: 21    God:
Gold:   108        SH:  0    Dex:  9    Spells: 10/13 levels left

rFire   . . .      SeeInvis .   l - staff of air
rCold   . . .      Faith    .   (no shield)
rNeg    . . .      Spirit   .   (body armour unavailable)
rPois   .          Reflect  .   (helmet restricted)
rElec   +          Harm     .   (no cloak)
rCorr   .          Rampage  +   (no gloves)
Will    .....                   s - +2 pair of boots {rampage}
Stlth   ++........              (no amulet)
HPRegen 0.15/turn               i - ring of flight
MPRegen 0.13/turn               (no ring)

@: flying
A: AC +6, unfitting armour, cold-blooded
a: no special abilities


You were in a sewer.
You visited 1 branch of the dungeon, and saw 4 of its levels.
You also visited: Sewer.

You collected 108 gold pieces.

Inventory:

Hand Weapons
 d - a +0 spear
Missiles
 v - 2 curare-tipped darts
Armour
 s - a +2 pair of boots of rampaging (worn)
Magical Staves
 l - a staff of air (weapon)
Jewellery
 i - a ring of flight (left hand)
Scrolls
 b - 2 scrolls of enchant armour {unknown}
 c - 3 scrolls of identify {unknown}
 o - a scroll of silence {unknown}
 p - 2 scrolls of teleportation {unknown}
 t - a scroll of immolation {unknown}
 u - a scroll of fog {unknown}
Potions
 e - 3 potions of heal wounds {unknown}
 f - 2 potions of brilliance {unknown}
 g - 2 potions of flight {unknown}
 h - a potion of ambrosia {unknown}
 j - a potion of degeneration {unknown}
 k - a potion of curing
 m - a potion of lignification {unknown}
 n - a potion of attraction {unknown}
 q - 2 potions of haste {unknown}
 r - a potion of berserk rage {unknown}
 w - a potion of resistance {unknown}
 x - a potion of experience {unknown}


   Skills:
 + Level 0.6 Fighting
 + Level 0.8 Staves
 + Level 2.4 Dodging
 + Level 2.2 Stealth
 + Level 4.0 Spellcasting
 + Level 5.8 Conjurations


You had 10 spell levels left.
You knew the following spells:

 Your Spells              Type           Power      Damage    Failure   Level
a - Magic Dart            Conj           100%       1d8       1%          1
b - Searing Ray           Conj           56%        2d6       1%          2

Your spell library contained the following spells:

 Spells                   Type           Power      Damage    Failure   Level
 Dazzling Flash           Conj/Hex       32%        N/A       11%         3
 Fulminant Prism          Conj/Hex       8%         3d7       34%         4
 Iskenderun's Mystic Bla  Conj/Tloc      16%        2d5       34%         4


Dungeon Overview and Level Annotations

Branches:
Dungeon (4/15)              Sewer (1/1)
 Temple: D:4-7

Altars:

Shops:
D:1 *

Annotations:
Sewer Grinder


Innate Abilities, Weirdness & Mutations

Your plain brown scales are hard. (AC +6)
You cannot fit into any form of body armour.
You are cold-blooded and may be slowed by cold attacks.


Message History

Grinder is moderately wounded.
Grinder misses you.
The searing ray misses Grinder.
A kobold comes into view. It is wielding a +0 dagger.
Grinder hits you.
You writhe in agony.
Magic courses through your body. Grinder hits you but does no damage.
Casting: Searing Ray (safe; 1% risk of failure)
Confirm with . or Enter, or press ? or * to list all spells.
Aiming: Searing Ray (safe; 1% risk of failure)
Press: ? - help, Shift-Dir - straight line The searing ray hits Grinder.
Grinder is heavily wounded. (Press . to maintain the ray.) Grinder hits you!
You writhe in agony.
The searing ray hits Grinder.
Grinder is heavily wounded.
Grinder hits you.
You writhe in agony.
Your magical contamination has completely faded away.
The searing ray misses Grinder.
The searing ray hits the kobold.
You kill the kobold!
Grinder gestures at you. Pain shoots through your body!
* * * LOW HITPOINT WARNING * * *
The searing ray hits Grinder.
Grinder is severely wounded.
You finish channelling your searing ray.
Grinder hits you!
* * * LOW HITPOINT WARNING * * *
Casting: Searing Ray (safe; 1% risk of failure)
Confirm with . or Enter, or press ? or * to list all spells.
Aiming: Searing Ray (safe; 1% risk of failure)
Press: ? - help, Shift-Dir - straight line The searing ray hits Grinder.
Grinder is almost dead. (Press . to maintain the ray.) Grinder hits you but does no damage.
The searing ray misses Grinder.
Grinder hits you.
* * * LOW HITPOINT WARNING * * *
You writhe in agony.
You die...

#≈.≈.≈≈≈.≈...)..≈)≈≈≈≈#
#≈≈≈#≈≈≈≈≈≈#...#≈≈≈≈≈≈#
#############)#########
##########...##########
##≈≈≈≈≈≈#...§..)#≈≈≈≈≈≈##
##.......))......'...)...###
∩........'.§._.§.'........∩#
##.......'.......'......)###
##≈≈≈≈≈≈#..§.§.@#≈≈≈≈≈≈##
#########....5#########
##'''## #≈...≈# #≈.).≈# #≈..
#≈. #≈.


You could see Grinder.

Vanquished Creatures
  2 kobold brigands (Sewer)
  A quasit (Sewer)
  7 adders (D:2)
  A shadow imp (Sewer)
  3 ufetubi (Sewer)
  A worm (D:2)
  2 dart slugs
  A bat zombie (Sewer)
  12 endoplasms
  2 giant cockroaches
  5 goblins
  4 hobgoblins
  4 quokkas
  5 ball pythons
  6 bats
  2 frilled lizards
  18 kobolds
  7 rats
83 creatures vanquished.

Vanquished Creatures (others)
  An endoplasm (Sewer)
  A kobold zombie (Sewer)
2 creatures vanquished.

Grand Total: 85 creatures vanquished

Notes
Turn   | Place    | Note
-------+----------+-------------------------------------------
     0 | D:1      | xian the Draconian Conjurer began the quest for the Orb.
     0 | D:1      | Reached XP level 1. HP: 14/14 MP: 3/3
   318 | D:1      | Reached XP level 2. HP: 20/20 MP: 3/5
   898 | D:1      | Found a faded altar of an unknown god.
  1133 | D:1      | Found Tuamail's General Store.
  1248 | D:2      | Reached XP level 3. HP: 26/26 MP: 1/6
  1591 | D:2      | Reached skill level 5 in Conjurations
  2003 | D:2      | Reached XP level 4. HP: 33/33 MP: 4/8
  2675 | D:3      | You are sucked into a shaft and drop 1 floor!
  2862 | D:3      | Found a glowing drain.
  2867 | Sewer    | Entered a sewer
  3021 | Sewer    | Reached XP level 5. HP: 12/38 MP: 1/10
  3331 | Sewer    | Found a burning altar of Makhleb.
  3367 | Sewer    | Learned a level 2 spell: Searing Ray
  3514 | Sewer    | Reached XP level 6. HP: 46/46 MP: 9/11
  3709 | Sewer    | Noticed Grinder
  3725 | Sewer    | Slain by Grinder

Illustrated notes

Levels and vault maps discovered:
D:1:      dpeg_chamrin_arrival_tetris, layout_loops_ring,
          dilly_ecumenical_altar_fadedgnrine, serial_shops, shop
D:2:      layout_basic, kennysheep_generic_room_9
D:3:      layout_loops_ring, gup_sewer_entry_bowl, serial_shops, shop,
          minivault_27
D:4:      layout_basic, kennysheep_little_box, minmay_temple_entry_grid,
          kennysheep_generic_room_8, uniq_blork_the_orc
Sewer:    kennysheep_sewer_church

Skill      XL: |  1  2  3  4  5  6 |
---------------+-------------------+-----
Stealth        | 2 |  2.2
Conjurations   | 5 |  5.8
Spellcasting   | 3 4 |  4.0
Dodging        | 2 |  2.4
Fighting       | |  0.6
Staves         | |  0.8

Action                   |  1- 3 |  4- 6 || total
-------------------------+-------+-------++-------
Melee: Staff             |     6 |    18 ||    24
       Tailslap          |     3 |       ||     3
 Cast: Magic Dart        |    87 |    86 ||   173
       Searing Ray       |       |     6 ||     6
  Use: Potion            |       |     1 ||     1
Armor: Skin              |     2 |    30 ||    32
Dodge: Dodged            |     4 |    31 ||    35

Table legend: (Time is in decaauts)
 A = Elapsed time spent in this place.
 B = Non-inter-level travel time spent in this place.
 C = Inter-level travel time spent in this place.
 D = Time resting spent in this place.
 E = Time spent auto-exploring this place.
 F = Levels seen in this place.
 G = Mean time per level.
                   A        B        C        D        E       F      G
               +--------+--------+--------+--------+--------+-----+--------+
         Total |   3726 |   3678 |     48 |    132 |   3028 |   5 |  745.2 |
       Dungeon |   2865 |   2817 |     48 |      0 |   2490 |   4 |  716.2 |
         Sewer |    860 |    860 |      0 |    132 |    538 |   1 |  860.0 |
               +--------+--------+--------+--------+--------+-----+--------+

Top non-repeatable levels by time:
     D:2: 1460 daAuts
     D:1: 1191 daAuts
   Sewer: 860 daAuts
     D:3: 197 daAuts
     D:4: 16 daAuts
